Bears vs Stars
Created - Saturday, February 22, 2025 at 22:45
Goals
|
Bears |
0 |
1 |
0 |
1 |
Stars |
1 |
0 |
2 |
3 |
|
Shots
|
Bears |
10 |
12 |
18 |
40 |
Stars |
9 |
12 |
18 |
39 |
|
1st period
1. Stars , Colin Theisen 2 (Cody Haiskanen 15) at 19:28
Penalties :
Connor Mackey (HER) for Slashing (Minor) at 1:39, Milos Kelemen (HER) for Interference (Minor) at 6:56, Patrick Giles (HER) for Delaying the game (Minor) at 10:20, Connor Mackey (HER) for Tripping (Minor) at 14:35
2nd period
2. Bears , Maxime Comtois 27 (Alex Steeves 36, Dylan Gambrell 37) at 0:38
Penalties :
Shawn Element (TEX) for Delaying the game (Minor) at 4:46, Dylan Gambrell (HER) for High sticking (Minor) at 10:07, Brett Murray (TEX) for Fighting (Major) at 14:11, Brandon Scanlin (HER) for Fighting (Major) at 14:11
3rd period
3. Stars , Vinnie Hinostroza 21 (Shawn Element 25) at 0:52
4. Stars , Brett Murray 21 (Cody Haiskanen 16, Alexander True 12) at 3:55 (PP)
Penalties :
Lucas Carlsson (HER) for Slashing (Double Minor) at 3:35, Brett Berard (HER) for Holding (Minor) at 12:04, Carson Golder (TEX) for Slashing (Minor) at 14:16, Brett Murray (TEX) for Holding (Minor) at 15:33
Goalie Stats
Dennis Hildeby (HER), 36 saves from 39 shots - (0.923), L, 22-14-5, 60:00 minutes
Nikita Tolopilo (TEX), 39 saves from 40 shots - (0.975), W, 8-18-2, 60:00 minutes
Players Stats for Bears
Player Name G A P +/- PIM S H SB GA TA FO MP PP MP PK MP
------------------------------------------------------------------------------------
Alex Steeves 0 1 1 0 0 5 1 0 0 0 2/5 22:18 2:41 3:53
Andreas Englund 0 0 0 0 0 1 2 4 0 0 0/0 21:20 2:41 7:06
Antonio Stranges 0 0 0 0 0 0 0 0 0 0 6/8 4:17 0:00 0:00
Arnaud Durandeau 0 0 0 0 0 0 0 0 0 0 0/0 4:17 0:00 0:00
Brandon Scanlin 0 0 0 0 5 0 1 0 0 0 0/0 14:30 0:00 3:17
Brett Berard 0 0 0 0 2 2 0 0 0 0 0/4 19:03 0:00 7:01
Connor Mackey 0 0 0 -1 4 3 4 1 0 0 0/0 22:31 2:34 3:53
Damien Giroux 0 0 0 0 0 0 0 0 0 0 0/0 0:00 0:00 0:00
Daniil Gushchin 0 0 0 -1 0 5 1 0 0 0 1/2 20:44 2:34 5:25
Dylan Gambrell 0 1 1 0 2 5 0 0 0 0 22/34 20:30 2:41 6:23
Keaton Middleton 0 0 0 -1 0 2 4 2 0 0 0/0 25:33 2:34 6:07
Lucas Carlsson 0 0 0 0 4 1 0 1 0 0 0/0 15:18 0:00 0:47
Maxence Guenette 0 0 0 0 0 2 1 4 0 0 0/0 20:32 2:41 7:04
Maxime Comtois 1 0 1 0 0 5 4 0 0 0 1/1 14:42 2:41 0:34
Milos Kelemen 0 0 0 0 2 1 0 0 0 0 0/0 12:14 0:00 0:12
Mitchell Chaffee 0 0 0 -1 0 2 2 0 0 0 2/3 15:19 2:34 0:00
Parker Ford 0 0 0 0 0 4 1 0 0 0 12/20 15:35 0:00 3:32
Patrick Giles 0 0 0 -1 2 2 1 0 0 0 14/25 16:56 2:34 1:38
Players Stats for Stars
Player Name G A P +/- PIM S H SB GA TA FO MP PP MP PK MP
------------------------------------------------------------------------------------
Alexander True 0 1 1 0 0 1 2 0 0 0 14/31 17:48 6:27 0:00
Bradley Marek 0 0 0 0 0 1 0 0 0 0 0/1 4:49 2:45 0:00
Brett Murray 1 0 1 0 7 7 1 0 0 0 2/4 17:19 7:26 2:07
Carson Golder 0 0 0 1 2 1 3 0 0 0 0/1 18:25 0:48 0:00
Chad Nychuk 0 0 0 1 0 2 1 1 0 0 0/0 20:26 5:38 2:30
Cody Haiskanen 0 2 2 1 0 1 0 3 0 0 0/0 20:31 5:33 2:30
Colin Theisen 1 0 1 1 0 4 3 0 0 0 0/1 14:37 1:06 1:08
Farm Player 109 0 0 0 0 0 0 0 0 0 0 0/0 17:43 5:40 0:40
Farm Player 11 0 0 0 0 0 0 0 0 0 0 0/1 18:05 6:04 0:40
Frederic Brunet 0 0 0 0 0 3 1 1 0 0 0/0 23:31 6:11 2:45
Grant Cruikshank 0 0 0 0 0 0 0 0 0 0 0/0 4:10 0:00 1:20
Luke Philp 0 0 0 1 0 4 1 0 0 0 10/18 14:56 2:33 0:00
Mark Rassell 0 0 0 0 0 2 0 0 0 0 0/0 2:37 1:07 0:00
Reese Johnson 0 0 0 0 0 3 4 0 0 0 11/25 18:42 6:01 1:08
Roman Kinal 0 0 0 0 0 1 2 1 0 0 0/0 14:53 2:21 0:00
Shawn Element 0 1 1 0 2 1 3 1 0 0 4/9 18:03 0:30 0:00
Tobie Bisson 0 0 0 0 0 5 3 2 0 0 0/0 23:55 5:38 2:45
Vinnie Hinostroza 1 0 1 0 0 3 1 1 0 0 1/11 23:29 5:17 2:44
3 Stars
1 - Nikita Tolopilo (TEX)
2 - Colin Theisen (TEX)
3 - Cody Haiskanen (TEX)
Power Play
Bears - 0 on 3 Attempt(s) - 0.00%
Stars - 1 on 8 Attempt(s) - 12.50%
Penalty Kill
Bears - 7 on 8 Attempt(s) - 87.50%
- Score 0 goal in Penalty Kill
Stars - 3 on 3 Attempt(s) - 100.00%
- Score 0 goal in Penalty Kill
Team Stat
Bears - Hits : 22 - Faceoff Wins : 60 - Blocked Shots : 12 - Penalty Minutes : 21
Stars - Hits : 25 - Faceoff Wins : 42 - Blocked Shots : 10 - Penalty Minutes : 11
Official
Referees : Ian Walsh and Jake Brenk
Linesman : Unknown
Game Notes
Brett Murray and Brandon Scanlin fight to a draw at 14:11 of 2nd period
Finance
Level 1 -- Attendance: 1876 (93.80%) -- Ticket Income $65,660
Level 2 -- Attendance: 1000 (100.00%) -- Ticket Income $15,000
Total Attendance: 2876 (95.87%)
Total Ticket Income: $80,660
Other Income: $39,523
Total Income: $120,183
Bears
5 vs 5 Forward
Center Left Wing Right Wing Time % Phy DF OF
1 Dylan Gambrell Maxime Comtois Alex Steeves 31 0 4 1
2 Patrick Giles Daniil Gushchin Mitchell Chaffee 31 0 4 1
3 Parker Ford Brett Berard Milos Kelemen 28 0 4 1
4 Antonio Stranges Arnaud Durandeau Alex Steeves 10 0 4 1
5 vs 5 Defense
Defense Defense Time % Phy DF OF
1 Connor Mackey Keaton Middleton 25 1 2 2
2 Andreas Englund Maxence Guenette 25 1 2 2
3 Lucas Carlsson Brandon Scanlin 25 1 2 2
4 Connor Mackey Keaton Middleton 25 1 2 2
PowerPlay Forward
Center Left Wing Right Wing Time % Phy DF OF
1 Dylan Gambrell Maxime Comtois Alex Steeves 60 0 2 3
2 Patrick Giles Daniil Gushchin Mitchell Chaffee 40 0 2 3
PowerPlay Defense
Defense Defense Time % Phy DF OF
1 Connor Mackey Keaton Middleton 60 0 3 2
2 Andreas Englund Maxence Guenette 40 0 3 2
Penalty Kill 4 Players Forward
Center Wing Time % Phy DF OF
1 Dylan Gambrell Brett Berard 60 0 5 0
2 Alex Steeves Daniil Gushchin 40 0 5 0
Penalty Kill 4 Players Defense
Defense Defense Time % Phy DF OF
1 Connor Mackey Keaton Middleton 60 0 5 0
2 Andreas Englund Maxence Guenette 40 0 5 0
Penalty Kill - 3 Players Forward
Forward Time % Phy DF OF
1 Maxime Comtois 60 0 5 0
2 Mitchell Chaffee 40 0 5 0
Penalty Kill - 3 Players Defense
Defense Defense Time % Phy DF OF
1 Connor Mackey Keaton Middleton 60 0 5 0
2 Andreas Englund Maxence Guenette 40 0 5 0
4 vs 4 Forward
Center Wing Time % Phy DF OF
1 Maxime Comtois Dylan Gambrell 60 0 4 1
2 Alex Steeves Daniil Gushchin 40 0 4 1
4 vs 4 Defense
Defense Defense Time % Phy DF OF
1 Connor Mackey Keaton Middleton 60 0 4 1
2 Andreas Englund Maxence Guenette 40 0 4 1
Last Minutes Offensive
Center Left Wing Right Wing Defense Defense
Dylan Gambrell Maxime Comtois Alex Steeves Connor Mackey Keaton Middleton
Last Minutes Defensive
Center Left Wing Right Wing Defense Defense
Dylan Gambrell Maxime Comtois Alex Steeves Connor Mackey Keaton Middleton
Goaltenders
Starting : Dennis Hildeby
Backup : Drew Commesso
Extra Forwards
Normal : Damien Giroux, Milos Kelemen, Parker Ford - PP : Damien Giroux, Milos Kelemen - PK : Parker Ford
Extra Defensemen
Normal : Lucas Carlsson, Brandon Scanlin, Andreas Englund - PP : Lucas Carlsson - PK : Brandon Scanlin, Andreas Englund
Penalty Shots
Alex Steeves, Brett Berard, Daniil Gushchin, Maxime Comtois, Antonio Stranges
Custom OT Lines Forwards
Maxime Comtois, Dylan Gambrell, Alex Steeves, Daniil Gushchin, Mitchell Chaffee, Patrick Giles, Milos Kelemen, Parker Ford, Brett Berard, Arnaud Durandeau
Custom OT Lines Defensemen
Connor Mackey, Keaton Middleton, Andreas Englund, Maxence Guenette, Lucas Carlsson
Scratches
Vincent Sevigny (Healthy), Nikolas Matinpalo (Healthy), Luka Profaca (Healthy), Bogdan Trineyev (Healthy), Hunter McDonald (Healthy)
Justin Hryckowian (Healthy), Nikolai Knyzhov (Healthy), Jeremie Bucheler (Healthy), Cole Krygier (Healthy), Luke Krys (Healthy)
Sean Day (Healthy), Dylan Garand (Healthy), Olof Lindbom (Healthy), Ben Kraws (Healthy), Hugo Alnefelt (Healthy)
Stars
5 vs 5 Forward
Center Left Wing Right Wing Time % Phy DF OF
1 Reese Johnson Vinnie Hinostroza Farm Player 109 25 1 2 2
2 Alexander True Brett Murray Farm Player 11 25 1 2 2
3 Luke Philp Colin Theisen Carson Golder 25 1 2 2
4 Shawn Element Carson Golder Vinnie Hinostroza 25 1 2 2
5 vs 5 Defense
Defense Defense Time % Phy DF OF
1 Tobie Bisson Frederic Brunet 25 1 2 2
2 Cody Haiskanen Chad Nychuk 25 1 2 2
3 Roman Kinal Shawn Element 25 1 2 2
4 Tobie Bisson Frederic Brunet 25 1 2 2
PowerPlay Forward
Center Left Wing Right Wing Time % Phy DF OF
1 Reese Johnson Vinnie Hinostroza Farm Player 109 60 1 2 2
2 Alexander True Brett Murray Farm Player 11 40 1 2 2
PowerPlay Defense
Defense Defense Time % Phy DF OF
1 Tobie Bisson Frederic Brunet 60 1 2 2
2 Cody Haiskanen Chad Nychuk 40 1 2 2
Penalty Kill 4 Players Forward
Center Wing Time % Phy DF OF
1 Vinnie Hinostroza Brett Murray 60 1 2 2
2 Reese Johnson Colin Theisen 40 1 2 2
Penalty Kill 4 Players Defense
Defense Defense Time % Phy DF OF
1 Tobie Bisson Frederic Brunet 60 1 2 2
2 Cody Haiskanen Chad Nychuk 40 1 2 2
Penalty Kill - 3 Players Forward
Forward Time % Phy DF OF
1 Vinnie Hinostroza 60 1 2 2
2 Brett Murray 40 1 2 2
Penalty Kill - 3 Players Defense
Defense Defense Time % Phy DF OF
1 Tobie Bisson Frederic Brunet 60 1 2 2
2 Cody Haiskanen Chad Nychuk 40 1 2 2
4 vs 4 Forward
Center Wing Time % Phy DF OF
1 Vinnie Hinostroza Brett Murray 60 1 2 2
2 Reese Johnson Colin Theisen 40 1 2 2
4 vs 4 Defense
Defense Defense Time % Phy DF OF
1 Tobie Bisson Frederic Brunet 60 1 2 2
2 Cody Haiskanen Chad Nychuk 40 1 2 2
Last Minutes Offensive
Center Left Wing Right Wing Defense Defense
Reese Johnson Vinnie Hinostroza Farm Player 109 Tobie Bisson Frederic Brunet
Last Minutes Defensive
Center Left Wing Right Wing Defense Defense
Reese Johnson Vinnie Hinostroza Farm Player 109 Tobie Bisson Frederic Brunet
Goaltenders
Starting : Nikita Tolopilo
Backup : FarmGoal6
Extra Forwards
Normal : Bradley Marek, Mark Rassell, Grant Cruikshank - PP : Bradley Marek, Mark Rassell - PK : Grant Cruikshank
Extra Defensemen
Normal : Roman Kinal, Farm Player 109, Farm Player 11 - PP : Roman Kinal - PK : Farm Player 109, Farm Player 11
Penalty Shots
Vinnie Hinostroza, Brett Murray, Reese Johnson, Colin Theisen, Alexander True
Custom OT Lines Forwards
Vinnie Hinostroza, Brett Murray, Reese Johnson, Colin Theisen, Alexander True, Frederic Brunet, Luke Philp, Carson Golder, Shawn Element, Bradley Marek
Custom OT Lines Defensemen
Tobie Bisson, Frederic Brunet, Cody Haiskanen, Chad Nychuk, Roman Kinal
Scratches
FarmPlay2 (Healthy), Graham McPhee (Healthy), Patrick Guay (Healthy), Cale Fleury (Healthy)
% Time on Ice - Bears
Lines # - Real PCT - Wanted PCT - Time Play
Normal Forward
1 - 28% - 31% - 11:27
2 - 31% - 31% - 12:45
3 - 30% - 28% - 12:03
4 - 11% - 10% - 4:17
Normal Defense
1 - 19% - 25% - 7:37
2 - 22% - 25% - 8:55
3 - 36% - 25% - 14:45
4 - 23% - 25% - 9:15
PP Forward
1 - 51% - 60% - 2:41
2 - 49% - 40% - 2:34
PP Defense
1 - 49% - 60% - 2:34
2 - 51% - 40% - 2:41
PK Forward
1 - 69% - 60% - 9:52
2 - 31% - 40% - 4:21
PK Defense
1 - 49% - 60% - 7:02
2 - 51% - 40% - 7:11
PK3 Forward
1 - 0% - 60%
2 - 0% - 40%
PK3 Defense
1 - 0% - 60%
2 - 0% - 40%
44 Forward
1 - 0% - 60%
2 - 0% - 40%
44 Defense
1 - 0% - 60%
2 - 0% - 40%
Last Minute Offensive - 0:00
Last Minute Defensive - 0:00
Total
Forward - 60:00
Defense - 60:00
|
% Time on Ice - Stars
Lines # - Real PCT - Wanted PCT - Time Play
Normal Forward
1 - 28% - 25% - 11:23
2 - 28% - 25% - 11:21
3 - 31% - 25% - 12:23
4 - 13% - 25% - 5:25
Normal Defense
1 - 17% - 25% - 6:46
2 - 31% - 25% - 12:28
3 - 34% - 25% - 13:52
4 - 18% - 25% - 7:26
PP Forward
1 - 46% - 60% - 6:31
2 - 54% - 40% - 7:42
PP Defense
1 - 65% - 60% - 9:14
2 - 35% - 40% - 4:59
PK Forward
1 - 75% - 60% - 3:25
2 - 25% - 40% - 1:08
PK Defense
1 - 49% - 60% - 2:14
2 - 51% - 40% - 2:19
PK3 Forward
1 - 55% - 60% - 0:23
2 - 45% - 40% - 0:19
PK3 Defense
1 - 74% - 60% - 0:31
2 - 26% - 40% - 0:11
44 Forward
1 - 0% - 60%
2 - 0% - 40%
44 Defense
1 - 0% - 60%
2 - 0% - 40%
Last Minute Offensive - 0:00
Last Minute Defensive - 0:00
Total
Forward - 60:00
Defense - 60:00
|
Play-by-Play
1st period
0:01 of 1st period - Maxime Comtois wins face-off versus Reese Johnson in neutral zone.
0:27 of 1st period - Shot by Maxime Comtois.
0:27 of 1st period - Stopped by Nikita Tolopilo without a rebound.
0:28 of 1st period - Patrick Giles wins face-off versus Alexander True in Stars zone.
0:47 of 1st period - Shot by Mitchell Chaffee.
0:47 of 1st period - Stopped by Nikita Tolopilo without a rebound.
0:48 of 1st period - Luke Philp wins face-off versus Brett Berard in Stars zone.
0:56 of 1st period - Icing by Brandon Scanlin.
0:57 of 1st period - Parker Ford wins face-off versus Shawn Element in Bears zone.
0:57 of 1st period - Parker Ford is hit by Shawn Element.
1:08 of 1st period - Shot by Milos Kelemen.
1:08 of 1st period - Shot Blocked by Vinnie Hinostroza.
1:10 of 1st period - Shot by Brett Berard.
1:10 of 1st period - Shot Misses the Net.
1:12 of 1st period - Shot by Parker Ford.
1:12 of 1st period - Stopped by Nikita Tolopilo without a rebound.
1:13 of 1st period - Antonio Stranges wins face-off versus Alexander True in Stars zone.
1:25 of 1st period - Brett Murray is hit by Keaton Middleton and loses puck.
1:28 of 1st period - Shot by Alexander True.
1:28 of 1st period - Deflect By Brett Murray.
1:28 of 1st period - Shot Misses the Net.
1:30 of 1st period - Shot by Alexander True.
1:30 of 1st period - Shot Blocked by Keaton Middleton.
1:39 of 1st period - Minor Penalty to Connor Mackey for Slashing.
1:40 of 1st period - Dylan Gambrell wins face-off versus Reese Johnson in Bears zone.
2:00 of 1st period - Shot by Reese Johnson.
2:00 of 1st period - Stopped by Dennis Hildeby without a rebound.
2:01 of 1st period - Alexander True wins face-off versus Alex Steeves in Bears zone.
2:01 of 1st period - Alexander True is hit by Keaton Middleton.
2:05 of 1st period - Shot by Chad Nychuk.
2:05 of 1st period - Stopped by Dennis Hildeby without a rebound.
2:06 of 1st period - Alexander True wins face-off versus Dylan Gambrell in Bears zone.
2:13 of 1st period - Shot by Tobie Bisson.
2:13 of 1st period - Stopped by Dennis Hildeby without a rebound.
2:14 of 1st period - Dylan Gambrell wins face-off versus Reese Johnson in Bears zone.
2:32 of 1st period - Shot by Reese Johnson.
2:32 of 1st period - Shot Misses the Net.
3:25 of 1st period - Shot by Frederic Brunet.
3:25 of 1st period - Stopped by Dennis Hildeby without a rebound.
3:26 of 1st period - Alex Steeves wins face-off versus Alexander True in Bears zone.
3:35 of 1st period - Alex Steeves is hit by Alexander True and loses puck.
3:57 of 1st period - Shot by Patrick Giles.
3:57 of 1st period - Stopped by Nikita Tolopilo with a rebound.
3:59 of 1st period - Shot by Lucas Carlsson.
3:59 of 1st period - Shot Misses the Net.
4:01 of 1st period - Shot by Daniil Gushchin.
4:01 of 1st period - Shot Blocked by Shawn Element.
4:30 of 1st period - Off-side.
4:31 of 1st period - Parker Ford wins face-off versus Alexander True in neutral zone.
4:42 of 1st period - Shot by Brett Murray.
4:42 of 1st period - Stopped by Dennis Hildeby with a rebound.
4:44 of 1st period - Shot by Brett Murray.
4:44 of 1st period - Shot Misses the Net.
4:46 of 1st period - Shot by Alexander True.
4:46 of 1st period - Shot Misses the Net.
4:48 of 1st period - Shot by Brett Murray.
4:48 of 1st period - Shot Blocked by Connor Mackey.
5:28 of 1st period - Shot by Maxime Comtois.
5:28 of 1st period - Shot Misses the Net.
6:18 of 1st period - Daniil Gushchin is hit by Shawn Element and loses puck.
6:28 of 1st period - Mitchell Chaffee is hit by Roman Kinal.
6:30 of 1st period - Shot by Daniil Gushchin.
6:30 of 1st period - Stopped by Nikita Tolopilo with a rebound.
6:36 of 1st period - Shot by Lucas Carlsson.
6:36 of 1st period - Stopped by Nikita Tolopilo with a rebound.
6:40 of 1st period - Shot by Daniil Gushchin.
6:40 of 1st period - Shot Misses the Net.
6:42 of 1st period - Shot by Patrick Giles.
6:42 of 1st period - Shot Misses the Net.
6:44 of 1st period - Shot by Patrick Giles.
6:44 of 1st period - Shot Misses the Net.
6:56 of 1st period - Minor Penalty to Milos Kelemen for Interference.
6:57 of 1st period - Alexander True wins face-off versus Brett Berard in Bears zone.
7:48 of 1st period - Shot by Reese Johnson.
7:48 of 1st period - Stopped by Dennis Hildeby with a rebound.
8:36 of 1st period - Shot by Tobie Bisson.
8:36 of 1st period - Shot Blocked by Maxence Guenette.
8:48 of 1st period - Shot by Mark Rassell.
8:48 of 1st period - Shot Blocked by Maxence Guenette.
8:50 of 1st period - Shot by Reese Johnson.
8:50 of 1st period - Stopped by Dennis Hildeby with a rebound.
8:52 of 1st period - Shot by Chad Nychuk.
8:52 of 1st period - Shot Hit the Post.
9:17 of 1st period - Shot by Alex Steeves.
9:17 of 1st period - Stopped by Nikita Tolopilo without a rebound.
9:18 of 1st period - Patrick Giles wins face-off versus Reese Johnson in Stars zone.
9:47 of 1st period - Vinnie Hinostroza is hit by Keaton Middleton.
9:58 of 1st period - Patrick Giles is hit by Brett Murray and loses puck.
10:10 of 1st period - Brett Murray is hit by Connor Mackey and loses puck.
10:20 of 1st period - Minor Penalty to Patrick Giles for Delaying the game.
10:21 of 1st period - Dylan Gambrell wins face-off versus Brett Murray in Bears zone.
11:08 of 1st period - Icing by Reese Johnson.
11:09 of 1st period - Reese Johnson wins face-off versus Alex Steeves in Stars zone.
11:09 of 1st period - Reese Johnson is hit by Alex Steeves.
11:39 of 1st period - Shot by Alexander True.
11:39 of 1st period - Shot Blocked by Maxence Guenette.
12:03 of 1st period - Shot by Mark Rassell.
12:03 of 1st period - Stopped by Dennis Hildeby with a rebound.
12:29 of 1st period - Arnaud Durandeau is hit by Carson Golder and loses puck.
12:41 of 1st period - Arnaud Durandeau is hit by Carson Golder and loses puck.
12:59 of 1st period - Milos Kelemen is hit by Carson Golder.
13:19 of 1st period - Shot by Milos Kelemen.
13:19 of 1st period - Shot Blocked by Tobie Bisson.
13:21 of 1st period - Shot by Milos Kelemen.
13:21 of 1st period - Shot Misses the Net.
13:39 of 1st period - Shot by Mitchell Chaffee.
13:39 of 1st period - Stopped by Nikita Tolopilo without a rebound.
13:40 of 1st period - Reese Johnson wins face-off versus Dylan Gambrell in Stars zone.
13:40 of 1st period - Reese Johnson is hit by Maxime Comtois.
14:01 of 1st period - Vinnie Hinostroza is hit by Maxence Guenette and loses puck.
14:04 of 1st period - Shot by Reese Johnson.
14:04 of 1st period - Shot Misses the Net.
14:35 of 1st period - Minor Penalty to Connor Mackey for Tripping.
14:36 of 1st period - Dylan Gambrell wins face-off versus Alexander True in Bears zone.
16:12 of 1st period - Icing by Carson Golder.
16:13 of 1st period - Dylan Gambrell wins face-off versus Bradley Marek in Stars zone.
16:16 of 1st period - Shot by Brett Berard.
16:16 of 1st period - Shot Misses the Net.
18:07 of 1st period - Icing by Brandon Scanlin.
18:08 of 1st period - Patrick Giles wins face-off versus Reese Johnson in Bears zone.
18:15 of 1st period - Shot by Patrick Giles.
18:15 of 1st period - Shot Misses the Net.
18:27 of 1st period - Shot by Patrick Giles.
18:27 of 1st period - Stopped by Nikita Tolopilo without a rebound.
18:28 of 1st period - Dylan Gambrell wins face-off versus Luke Philp in Stars zone.
18:33 of 1st period - Shot by Dylan Gambrell.
18:33 of 1st period - Stopped by Nikita Tolopilo without a rebound.
18:34 of 1st period - Dylan Gambrell wins face-off versus Luke Philp in Stars zone.
18:35 of 1st period - Shot by Alex Steeves.
18:35 of 1st period - Shot Misses the Net.
18:40 of 1st period - Off-side.
18:41 of 1st period - Patrick Giles wins face-off versus Reese Johnson in neutral zone.
19:28 of 1st period - Shot by Colin Theisen.
19:28 of 1st period - Goal by Colin Theisen - Bears : 0 - Stars : 1.
19:29 of 1st period - Dylan Gambrell wins face-off versus Luke Philp in neutral zone.
19:42 of 1st period - Chad Nychuk is hit by Maxime Comtois and loses puck.
19:58 of 1st period - Shot by Maxime Comtois.
19:58 of 1st period - Shot Misses the Net.
Goals for this period are 0 for Bears vs 1 for Stars.
Shots for this period are 10 for Bears vs 9 for Stars.
2nd period
0:01 of 2nd period - Shawn Element wins face-off versus Dylan Gambrell in neutral zone.
0:18 of 2nd period - Shot by Dylan Gambrell.
0:18 of 2nd period - Shot Misses the Net.
0:38 of 2nd period - Shot by Maxime Comtois.
0:38 of 2nd period - Goal by Maxime Comtois - Bears : 1 - Stars : 1.
0:39 of 2nd period - Alexander True wins face-off versus Parker Ford in neutral zone.
0:42 of 2nd period - Shot by Brett Murray.
0:42 of 2nd period - Deflect By Alexander True.
0:42 of 2nd period - Shot Misses the Net.
0:44 of 2nd period - Shot by Brett Murray.
0:44 of 2nd period - Shot Blocked by Andreas Englund.
0:46 of 2nd period - Shot by Cody Haiskanen.
0:46 of 2nd period - Stopped by Dennis Hildeby without a rebound.
0:47 of 2nd period - Alexander True wins face-off versus Parker Ford in Bears zone.
1:04 of 2nd period - Shot by Alexander True.
1:04 of 2nd period - Stopped by Dennis Hildeby without a rebound.
1:05 of 2nd period - Reese Johnson wins face-off versus Patrick Giles in Bears zone.
1:20 of 2nd period - Shot by Reese Johnson.
1:20 of 2nd period - Shot Blocked by Lucas Carlsson.
1:22 of 2nd period - Shot by Shawn Element.
1:22 of 2nd period - Shot Misses the Net.
1:43 of 2nd period - Icing by Lucas Carlsson.
1:44 of 2nd period - Luke Philp wins face-off versus Patrick Giles in Bears zone.
2:05 of 2nd period - Icing by Brandon Scanlin.
2:06 of 2nd period - Patrick Giles wins face-off versus Alexander True in Bears zone.
2:31 of 2nd period - Connor Mackey is hit by Alexander True and loses puck.
2:44 of 2nd period - Shot by Maxime Comtois.
2:44 of 2nd period - Stopped by Nikita Tolopilo with a rebound.
3:24 of 2nd period - Shot by Carson Golder.
3:24 of 2nd period - Shot Misses the Net.
3:26 of 2nd period - Shot by Frederic Brunet.
3:26 of 2nd period - Stopped by Dennis Hildeby without a rebound.
3:27 of 2nd period - Reese Johnson wins face-off versus Antonio Stranges in Bears zone.
3:30 of 2nd period - Shot by Shawn Element.
3:30 of 2nd period - Stopped by Dennis Hildeby with a rebound.
3:48 of 2nd period - Shot by Arnaud Durandeau.
3:48 of 2nd period - Shot Blocked by Roman Kinal.
3:50 of 2nd period - Shot by Maxence Guenette.
3:50 of 2nd period - Stopped by Nikita Tolopilo without a rebound.
3:51 of 2nd period - Parker Ford wins face-off versus Colin Theisen in Stars zone.
4:13 of 2nd period - Off-side.
4:14 of 2nd period - Patrick Giles wins face-off versus Reese Johnson in neutral zone.
4:46 of 2nd period - Minor Penalty to Shawn Element for Delaying the game.
4:47 of 2nd period - Dylan Gambrell wins face-off versus Vinnie Hinostroza in Stars zone.
4:47 of 2nd period - Dylan Gambrell is hit by Tobie Bisson.
5:45 of 2nd period - Icing by Mitchell Chaffee.
5:46 of 2nd period - Brett Murray wins face-off versus Patrick Giles in Bears zone.
6:51 of 2nd period - Shot by Parker Ford.
6:51 of 2nd period - Stopped by Nikita Tolopilo without a rebound.
6:52 of 2nd period - Parker Ford wins face-off versus Carson Golder in Stars zone.
7:15 of 2nd period - Icing by Luke Philp.
7:16 of 2nd period - Luke Philp wins face-off versus Mitchell Chaffee in Stars zone.
7:22 of 2nd period - Shot by Daniil Gushchin.
7:22 of 2nd period - Stopped by Nikita Tolopilo without a rebound.
7:23 of 2nd period - Antonio Stranges wins face-off versus Farm Player 11 in Stars zone.
7:38 of 2nd period - Shot by Alex Steeves.
7:38 of 2nd period - Shot Misses the Net.
7:40 of 2nd period - Shot by Alex Steeves.
7:40 of 2nd period - Stopped by Nikita Tolopilo without a rebound.
7:41 of 2nd period - Reese Johnson wins face-off versus Parker Ford in Stars zone.
7:57 of 2nd period - Shot by Parker Ford.
7:57 of 2nd period - Stopped by Nikita Tolopilo with a rebound.
8:51 of 2nd period - Shot by Alex Steeves.
8:51 of 2nd period - Stopped by Nikita Tolopilo with a rebound.
8:53 of 2nd period - Shot by Connor Mackey.
8:53 of 2nd period - Stopped by Nikita Tolopilo without a rebound.
8:54 of 2nd period - Luke Philp wins face-off versus Patrick Giles in Stars zone.
10:04 of 2nd period - Icing by Connor Mackey.
10:05 of 2nd period - Dylan Gambrell wins face-off versus Brett Murray in Bears zone.
10:07 of 2nd period - Minor Penalty to Dylan Gambrell for High sticking.
10:08 of 2nd period - Alexander True wins face-off versus Brett Berard in Bears zone.
10:08 of 2nd period - Alexander True is hit by Andreas Englund.
10:14 of 2nd period - Shot by Alexander True.
10:14 of 2nd period - Shot Misses the Net.
10:16 of 2nd period - Shot by Brett Murray.
10:16 of 2nd period - Shot Misses the Net.
10:18 of 2nd period - Shot by Brett Murray.
10:18 of 2nd period - Stopped by Dennis Hildeby without a rebound.
10:19 of 2nd period - Parker Ford wins face-off versus Alexander True in Bears zone.
10:44 of 2nd period - Shot by Tobie Bisson.
10:44 of 2nd period - Stopped by Dennis Hildeby without a rebound.
10:45 of 2nd period - Reese Johnson wins face-off versus Parker Ford in Bears zone.
10:45 of 2nd period - Reese Johnson is hit by Connor Mackey.
11:46 of 2nd period - Shot by Tobie Bisson.
11:46 of 2nd period - Stopped by Dennis Hildeby with a rebound.
11:48 of 2nd period - Shot by Brett Murray.
11:48 of 2nd period - Stopped by Dennis Hildeby with a rebound.
12:14 of 2nd period - Shot by Colin Theisen.
12:14 of 2nd period - Shot Misses the Net.
12:24 of 2nd period - Shot by Alex Steeves.
12:24 of 2nd period - Shot Misses the Net.
12:26 of 2nd period - Shot by Alex Steeves.
12:26 of 2nd period - Stopped by Nikita Tolopilo without a rebound.
12:27 of 2nd period - Luke Philp wins face-off versus Patrick Giles in Stars zone.
12:33 of 2nd period - Colin Theisen is hit by Daniil Gushchin.
12:54 of 2nd period - Daniil Gushchin is hit by Shawn Element and loses puck.
13:20 of 2nd period - Icing by Cody Haiskanen.
13:21 of 2nd period - Dylan Gambrell wins face-off versus Reese Johnson in Stars zone.
14:11 of 2nd period - Brett Murray and Brandon Scanlin fight to a draw.
14:11 of 2nd period - Penalty to Brett Murray for Fighting.
14:11 of 2nd period - Penalty to Brandon Scanlin for Fighting.
14:12 of 2nd period - Alexander True wins face-off versus Parker Ford in Bears zone.
14:29 of 2nd period - Shot by Frederic Brunet.
14:29 of 2nd period - Stopped by Dennis Hildeby without a rebound.
14:30 of 2nd period - Luke Philp wins face-off versus Patrick Giles in Bears zone.
14:31 of 2nd period - Shot by Colin Theisen.
14:31 of 2nd period - Stopped by Dennis Hildeby without a rebound.
14:32 of 2nd period - Luke Philp wins face-off versus Parker Ford in Bears zone.
14:56 of 2nd period - Shot by Carson Golder.
14:56 of 2nd period - Shot Misses the Net.
14:58 of 2nd period - Shot by Roman Kinal.
14:58 of 2nd period - Stopped by Dennis Hildeby without a rebound.
14:59 of 2nd period - Patrick Giles wins face-off versus Alexander True in Bears zone.
15:11 of 2nd period - Tobie Bisson is hit by Mitchell Chaffee and loses puck.
15:33 of 2nd period - Bradley Marek is hit by Keaton Middleton and loses puck.
15:53 of 2nd period - Icing by Chad Nychuk.
15:54 of 2nd period - Reese Johnson wins face-off versus Dylan Gambrell in Stars zone.
15:54 of 2nd period - Reese Johnson is hit by Maxime Comtois.
16:15 of 2nd period - Alex Steeves is hit by Chad Nychuk and loses puck.
16:56 of 2nd period - Shot by Milos Kelemen.
16:56 of 2nd period - Shot Misses the Net.
16:58 of 2nd period - Shot by Parker Ford.
16:58 of 2nd period - Deflect By Brett Berard.
16:58 of 2nd period - Stopped by Nikita Tolopilo without a rebound.
16:59 of 2nd period - Alexander True wins face-off versus Brett Berard in Stars zone.
17:16 of 2nd period - Shot by Bradley Marek.
17:16 of 2nd period - Stopped by Dennis Hildeby without a rebound.
17:17 of 2nd period - Patrick Giles wins face-off versus Luke Philp in Bears zone.
17:17 of 2nd period - Patrick Giles is hit by Colin Theisen.
18:18 of 2nd period - Shot by Milos Kelemen.
18:18 of 2nd period - Stopped by Nikita Tolopilo without a rebound.
18:19 of 2nd period - Dylan Gambrell wins face-off versus Alexander True in Stars zone.
18:30 of 2nd period - Shot by Dylan Gambrell.
18:30 of 2nd period - Shot Misses the Net.
18:44 of 2nd period - Shot by Alexander True.
18:44 of 2nd period - Shot Misses the Net.
19:13 of 2nd period - Icing by Andreas Englund.
19:14 of 2nd period - Parker Ford wins face-off versus Reese Johnson in Bears zone.
19:14 of 2nd period - Parker Ford is hit by Reese Johnson.
19:37 of 2nd period - Shot by Vinnie Hinostroza.
19:37 of 2nd period - Shot Blocked by Andreas Englund.
19:39 of 2nd period - Shot by Vinnie Hinostroza.
19:39 of 2nd period - Shot Misses the Net.
19:41 of 2nd period - Shot by Cody Haiskanen.
19:41 of 2nd period - Shot Misses the Net.
19:43 of 2nd period - Shot by Cody Haiskanen.
19:43 of 2nd period - Shot Blocked by Andreas Englund.
19:45 of 2nd period - Shot by Vinnie Hinostroza.
19:45 of 2nd period - Shot Blocked by Keaton Middleton.
Goals for this period are 1 for Bears vs 0 for Stars.
Shots for this period are 12 for Bears vs 12 for Stars.
3rd period
0:01 of 3rd period - Dylan Gambrell wins face-off versus Shawn Element in neutral zone.
0:19 of 3rd period - Shot by Vinnie Hinostroza.
0:19 of 3rd period - Stopped by Dennis Hildeby without a rebound.
0:20 of 3rd period - Alexander True wins face-off versus Parker Ford in Bears zone.
0:41 of 3rd period - Shot by Brett Murray.
0:41 of 3rd period - Stopped by Dennis Hildeby without a rebound.
0:42 of 3rd period - Shawn Element wins face-off versus Dylan Gambrell in Bears zone.
0:43 of 3rd period - Shot by Vinnie Hinostroza.
0:43 of 3rd period - Stopped by Dennis Hildeby without a rebound.
0:44 of 3rd period - Shawn Element wins face-off versus Dylan Gambrell in Bears zone.
0:44 of 3rd period - Carson Golder is hit by Connor Mackey and loses puck.
0:48 of 3rd period - Icing by Keaton Middleton.
0:49 of 3rd period - Shawn Element wins face-off versus Dylan Gambrell in Bears zone.
0:52 of 3rd period - Shot by Vinnie Hinostroza.
0:52 of 3rd period - Goal by Vinnie Hinostroza - Bears : 1 - Stars : 2.
0:53 of 3rd period - Dylan Gambrell wins face-off versus Shawn Element in neutral zone.
0:56 of 3rd period - Carson Golder is hit by Maxime Comtois and loses puck.
1:11 of 3rd period - Shot by Dylan Gambrell.
1:11 of 3rd period - Stopped by Nikita Tolopilo with a rebound.
1:45 of 3rd period - Shot by Brett Berard.
1:45 of 3rd period - Shot Blocked by Tobie Bisson.
1:51 of 3rd period - Shot by Brett Berard.
1:51 of 3rd period - Stopped by Nikita Tolopilo with a rebound.
1:53 of 3rd period - Shot by Parker Ford.
1:53 of 3rd period - Deflect By Brett Berard.
1:53 of 3rd period - Shot Misses the Net.
2:07 of 3rd period - Shot by Milos Kelemen.
2:07 of 3rd period - Deflect By Brett Berard.
2:07 of 3rd period - Shot Misses the Net.
2:11 of 3rd period - Shot by Parker Ford.
2:11 of 3rd period - Shot Misses the Net.
2:13 of 3rd period - Shot by Keaton Middleton.
2:13 of 3rd period - Stopped by Nikita Tolopilo with a rebound.
2:52 of 3rd period - Icing by Vinnie Hinostroza.
2:53 of 3rd period - Antonio Stranges wins face-off versus Shawn Element in Stars zone.
3:08 of 3rd period - Shot by Alex Steeves.
3:08 of 3rd period - Shot Misses the Net.
3:10 of 3rd period - Shot by Maxence Guenette.
3:10 of 3rd period - Stopped by Nikita Tolopilo without a rebound.
3:11 of 3rd period - Dylan Gambrell wins face-off versus Alexander True in Stars zone.
3:12 of 3rd period - Shot by Alex Steeves.
3:12 of 3rd period - Shot Blocked by Cody Haiskanen.
3:22 of 3rd period - Shot by Maxime Comtois.
3:22 of 3rd period - Shot Blocked by Chad Nychuk.
3:24 of 3rd period - Shot by Maxime Comtois.
3:24 of 3rd period - Stopped by Nikita Tolopilo without a rebound.
3:25 of 3rd period - Parker Ford wins face-off versus Alexander True in Stars zone.
3:28 of 3rd period - Shot by Milos Kelemen.
3:28 of 3rd period - Shot Blocked by Cody Haiskanen.
3:35 of 3rd period - Double Minor Penalty to Lucas Carlsson for Slashing.
3:36 of 3rd period - Dylan Gambrell wins face-off versus Alexander True in Bears zone.
3:51 of 3rd period - Shot by Brett Murray.
3:51 of 3rd period - Shot Blocked by Maxence Guenette.
3:53 of 3rd period - Shot by Cody Haiskanen.
3:53 of 3rd period - Shot Misses the Net.
3:55 of 3rd period - Shot by Brett Murray.
3:55 of 3rd period - Goal by Brett Murray - Bears : 1 - Stars : 3.
3:56 of 3rd period - Alexander True wins face-off versus Dylan Gambrell in neutral zone.
4:48 of 3rd period - Shot by Brett Berard.
4:48 of 3rd period - Deflect By Dylan Gambrell.
4:48 of 3rd period - Stopped by Nikita Tolopilo without a rebound.
4:49 of 3rd period - Daniil Gushchin wins face-off versus Reese Johnson in Stars zone.
5:36 of 3rd period - Shot by Brett Murray.
5:36 of 3rd period - Shot Blocked by Andreas Englund.
5:44 of 3rd period - Shot by Mark Rassell.
5:44 of 3rd period - Stopped by Dennis Hildeby without a rebound.
5:45 of 3rd period - Reese Johnson wins face-off versus Dylan Gambrell in Bears zone.
6:04 of 3rd period - Off-side.
6:05 of 3rd period - Luke Philp wins face-off versus Patrick Giles in neutral zone.
6:21 of 3rd period - Shot by Colin Theisen.
6:21 of 3rd period - Stopped by Dennis Hildeby without a rebound.
6:22 of 3rd period - Antonio Stranges wins face-off versus Alexander True in Bears zone.
6:36 of 3rd period - Icing by Connor Mackey.
6:37 of 3rd period - Antonio Stranges wins face-off versus Vinnie Hinostroza in Bears zone.
6:37 of 3rd period - Antonio Stranges is hit by Reese Johnson.
7:12 of 3rd period - Icing by Arnaud Durandeau.
7:13 of 3rd period - Luke Philp wins face-off versus Antonio Stranges in Bears zone.
7:18 of 3rd period - Shot by Luke Philp.
7:18 of 3rd period - Stopped by Dennis Hildeby without a rebound.
7:19 of 3rd period - Brett Murray wins face-off versus Patrick Giles in Bears zone.
7:36 of 3rd period - Shot by Andreas Englund.
7:36 of 3rd period - Shot Blocked by Frederic Brunet.
7:49 of 3rd period - Icing by Frederic Brunet.
7:50 of 3rd period - Alexander True wins face-off versus Parker Ford in Stars zone.
7:50 of 3rd period - Alexander True is hit by Brandon Scanlin.
7:58 of 3rd period - Icing by Lucas Carlsson.
7:59 of 3rd period - Parker Ford wins face-off versus Shawn Element in Bears zone.
7:59 of 3rd period - Brett Berard is hit by Vinnie Hinostroza and loses puck.
8:19 of 3rd period - Shot by Parker Ford.
8:19 of 3rd period - Stopped by Nikita Tolopilo without a rebound.
8:20 of 3rd period - Reese Johnson wins face-off versus Dylan Gambrell in Stars zone.
9:13 of 3rd period - Shot by Tobie Bisson.
9:13 of 3rd period - Stopped by Dennis Hildeby without a rebound.
9:14 of 3rd period - Alexander True wins face-off versus Patrick Giles in Bears zone.
9:14 of 3rd period - Alexander True is hit by Andreas Englund.
9:31 of 3rd period - Icing by Chad Nychuk.
9:32 of 3rd period - Parker Ford wins face-off versus Alexander True in Stars zone.
9:37 of 3rd period - Shot by Brett Berard.
9:37 of 3rd period - Shot Misses the Net.
9:51 of 3rd period - Shot by Brett Murray.
9:51 of 3rd period - Stopped by Dennis Hildeby with a rebound.
10:02 of 3rd period - Icing by Brandon Scanlin.
10:03 of 3rd period - Parker Ford wins face-off versus Luke Philp in Bears zone.
10:03 of 3rd period - Parker Ford is hit by Luke Philp.
10:28 of 3rd period - Shot by Colin Theisen.
10:28 of 3rd period - Stopped by Dennis Hildeby without a rebound.
10:29 of 3rd period - Alex Steeves wins face-off versus Reese Johnson in Bears zone.
10:38 of 3rd period - Icing by Connor Mackey.
10:39 of 3rd period - Dylan Gambrell wins face-off versus Vinnie Hinostroza in Bears zone.
10:52 of 3rd period - Shot by Maxime Comtois.
10:52 of 3rd period - Stopped by Nikita Tolopilo without a rebound.
10:53 of 3rd period - Luke Philp wins face-off versus Patrick Giles in Stars zone.
11:16 of 3rd period - Shot by Luke Philp.
11:16 of 3rd period - Stopped by Dennis Hildeby without a rebound.
11:17 of 3rd period - Dylan Gambrell wins face-off versus Reese Johnson in Bears zone.
11:17 of 3rd period - Dylan Gambrell is hit by Reese Johnson.
12:04 of 3rd period - Minor Penalty to Brett Berard for Holding.
12:05 of 3rd period - Dylan Gambrell wins face-off versus Alexander True in Bears zone.
12:14 of 3rd period - Shot by Brett Murray.
12:14 of 3rd period - Stopped by Dennis Hildeby without a rebound.
12:15 of 3rd period - Alexander True wins face-off versus Dylan Gambrell in Bears zone.
12:26 of 3rd period - Tobie Bisson is hit by Parker Ford and loses puck.
12:36 of 3rd period - Shot by Frederic Brunet.
12:36 of 3rd period - Shot Misses the Net.
12:38 of 3rd period - Shot by Brett Murray.
12:38 of 3rd period - Shot Misses the Net.
12:56 of 3rd period - Shot by Chad Nychuk.
12:56 of 3rd period - Stopped by Dennis Hildeby without a rebound.
12:57 of 3rd period - Reese Johnson wins face-off versus Daniil Gushchin in Bears zone.
13:39 of 3rd period - Icing by Alexander True.
13:40 of 3rd period - Alexander True wins face-off versus Dylan Gambrell in Stars zone.
13:49 of 3rd period - Shot by Tobie Bisson.
13:49 of 3rd period - Stopped by Dennis Hildeby without a rebound.
13:50 of 3rd period - Dylan Gambrell wins face-off versus Reese Johnson in Bears zone.
13:50 of 3rd period - Parker Ford is hit by Reese Johnson and loses puck.
14:11 of 3rd period - Shot by Carson Golder.
14:11 of 3rd period - Deflect By Luke Philp.
14:11 of 3rd period - Stopped by Dennis Hildeby without a rebound.
14:12 of 3rd period - Patrick Giles wins face-off versus Luke Philp in Bears zone.
14:12 of 3rd period - Patrick Giles is hit by Colin Theisen.
14:15 of 3rd period - Mitchell Chaffee is hit by Colin Theisen and loses puck.
14:16 of 3rd period - Minor Penalty to Carson Golder for Slashing.
14:17 of 3rd period - Mitchell Chaffee wins face-off versus Vinnie Hinostroza in Stars zone.
14:18 of 3rd period - Shot by Connor Mackey.
14:18 of 3rd period - Stopped by Nikita Tolopilo without a rebound.
14:19 of 3rd period - Patrick Giles wins face-off versus Vinnie Hinostroza in Stars zone.
14:48 of 3rd period - Shot by Daniil Gushchin.
14:48 of 3rd period - Stopped by Nikita Tolopilo with a rebound.
14:50 of 3rd period - Shot by Connor Mackey.
14:50 of 3rd period - Stopped by Nikita Tolopilo without a rebound.
14:51 of 3rd period - Dylan Gambrell wins face-off versus Vinnie Hinostroza in Stars zone.
15:22 of 3rd period - Shot by Andreas Englund.
15:22 of 3rd period - Shot Blocked by Cody Haiskanen.
15:24 of 3rd period - Shot by Dylan Gambrell.
15:24 of 3rd period - Stopped by Nikita Tolopilo without a rebound.
15:25 of 3rd period - Mitchell Chaffee wins face-off versus Vinnie Hinostroza in Stars zone.
15:25 of 3rd period - Keaton Middleton is hit by Frederic Brunet and loses puck.
15:33 of 3rd period - Minor Penalty to Brett Murray for Holding.
15:34 of 3rd period - Patrick Giles wins face-off versus Vinnie Hinostroza in Stars zone.
15:43 of 3rd period - Shot by Patrick Giles.
15:43 of 3rd period - Shot Misses the Net.
15:45 of 3rd period - Shot by Keaton Middleton.
15:45 of 3rd period - Stopped by Nikita Tolopilo without a rebound.
15:46 of 3rd period - Vinnie Hinostroza wins face-off versus Alex Steeves in Stars zone.
16:06 of 3rd period - Shot by Andreas Englund.
16:06 of 3rd period - Stopped by Nikita Tolopilo with a rebound.
16:08 of 3rd period - Shot by Maxime Comtois.
16:08 of 3rd period - Deflect By Dylan Gambrell.
16:08 of 3rd period - Stopped by Nikita Tolopilo without a rebound.
16:09 of 3rd period - Patrick Giles wins face-off versus Vinnie Hinostroza in Stars zone.
17:09 of 3rd period - Icing by Maxence Guenette.
17:10 of 3rd period - Dylan Gambrell wins face-off versus Vinnie Hinostroza in Bears zone.
17:17 of 3rd period - Shot by Alex Steeves.
17:17 of 3rd period - Shot Misses the Net.
17:50 of 3rd period - Off-side.
17:51 of 3rd period - Antonio Stranges wins face-off versus Alexander True in neutral zone.
17:54 of 3rd period - Shot by Alex Steeves.
17:54 of 3rd period - Shot Misses the Net.
17:56 of 3rd period - Shot by Andreas Englund.
17:56 of 3rd period - Shot Misses the Net.
17:58 of 3rd period - Shot by Alex Steeves.
17:58 of 3rd period - Stopped by Nikita Tolopilo without a rebound.
17:59 of 3rd period - Parker Ford wins face-off versus Luke Philp in Stars zone.
17:59 of 3rd period - Brett Berard is hit by Roman Kinal and loses puck.
18:28 of 3rd period - Off-side.
18:29 of 3rd period - Patrick Giles wins face-off versus Reese Johnson in neutral zone.
18:31 of 3rd period - Daniil Gushchin is hit by Tobie Bisson and loses puck.
18:34 of 3rd period - Shot by Daniil Gushchin.
18:34 of 3rd period - Stopped by Nikita Tolopilo without a rebound.
18:35 of 3rd period - Patrick Giles wins face-off versus Alexander True in Stars zone.
18:35 of 3rd period - Patrick Giles is hit by Tobie Bisson.
18:37 of 3rd period - Shot by Daniil Gushchin.
18:37 of 3rd period - Stopped by Nikita Tolopilo without a rebound.
18:38 of 3rd period - Reese Johnson wins face-off versus Patrick Giles in Stars zone.
18:38 of 3rd period - Reese Johnson is hit by Mitchell Chaffee.
18:47 of 3rd period - Reese Johnson is hit by Connor Mackey and loses puck.
19:03 of 3rd period - Vinnie Hinostroza is hit by Patrick Giles and loses puck.
19:22 of 3rd period - Shot by Luke Philp.
19:22 of 3rd period - Stopped by Dennis Hildeby without a rebound.
19:23 of 3rd period - Parker Ford wins face-off versus Luke Philp in Bears zone.
19:44 of 3rd period - Shot by Carson Golder.
19:44 of 3rd period - Stopped by Dennis Hildeby with a rebound.
Goals for this period are 0 for Bears vs 2 for Stars.
Shots for this period are 18 for Bears vs 18 for Stars.
Back to the Top